 Dungeon Crawl Stone Soup version 0.21.1-1-g345015f (webtiles) character file.

28 johnjohn the Magician (level 2, 0/24 HPs)
             Began as a Troll Wizard on May 11, 2018.
             Succumbed to an adder's poison
             ... on level 2 of the Dungeon.
             The game lasted 00:07:45 (1067 turns).

johnjohn the Magician (Troll Wizard)                Turns: 1067, Time: 00:07:46

Health: 0/24       AC:  5    Str: 14    XL:     2   Next: 96%
Magic:  3/4        EV: 10    Int: 14    God:
Gold:   95         SH:  0    Dex:  8    Spells: 4/5 levels left

rFire    . . .     SeeInvis .   g - +0 short sword
rCold    . . .     Gourm    +   (no shield)
rNeg     . . .     Faith    .   a - +0 robe
rPois    .         Spirit   .   b - +0 hat
rElec    .         Reflect  .   (no cloak)
rCorr    .         Harm     .   (gloves unavailable)
MR       .....                  (boots unavailable)
Stlth    +.........             (no amulet)
HPRegen  0.48/turn              (no ring)
MPRegen  0.09/turn              (no ring)

@: lethally poisoned (0 -> -4)
A: large, unfitting armour, claws 3, fast metabolism 3, gourmand, regeneration
1, shaggy fur 1, tough skin 2
a: no special abilities


You were on level 2 of the Dungeon.
You were very hungry.

You visited 1 branch of the dungeon, and saw 2 of its levels.

You collected 95 gold pieces.

Inventory:

Hand Weapons
 g - a +0 short sword (weapon)
 i - a +1 dagger of electrocution
 j - a +0 hunting sling
Missiles
 f - 20 bolts
Armour
 a - a +0 robe (worn)
 b - a +0 hat (worn)
 h - a +0 ring mail
 k - a +0 leather armour
Scrolls
 e - 2 scrolls of teleportation {unknown}
 l - a scroll of identify {unknown}
Books
 c - a book of Minor Magic

   Spells                             Type                      Level
   a - Magic Dart                     Conjuration                  1
   b - Blink                          Translocation                2
   c - Call Imp                       Summoning                    2
   d - Slow                           Hexes                        2
   e - Conjure Flame                  Conjuration/Fire             3
   f - Mephitic Cloud                 Conjuration/Poison/Air       3
Comestibles
 d - 3 rations


   Skills:
 + Level 0.3 Short Blades
 + Level 2.1 Dodging
 + Level 1.1 Stealth
 + Level 0.5 Unarmed Combat
 + Level 2.2 Spellcasting
 + Level 0.6 Conjurations
   Level 0.6 Summonings
   Level 0.6 Translocations


You had 4 spell levels left.
You knew the following spells:

 Your Spells              Type           Power        Failure   Level  Hunger
a - Magic Dart            Conj           #...         19%         1    #......


Dungeon Overview and Level Annotations

Branches:
Dungeon (2/15)

Altars:


Innate Abilities, Weirdness & Mutations

You are too large for most types of armour.
You have claws for hands.
Your metabolism is lightning-fast.
You like to eat raw meat.
Your natural rate of healing is unusually fast.
You are covered in fur. (AC +1)
You have very tough skin. (AC +2)


Message History

You climb upwards.
* * * LOW HITPOINT WARNING * * *
You feel sick.
There is a stone staircase leading down here.
You feel sick. The adder bites you.
* * * LOW HITPOINT WARNING * * *
You are more poisoned.
The adder poisons you! The adder bites you but does no damage.
You climb downwards.
* * * LOW HITPOINT WARNING * * *
You feel sick.
There is a stone staircase leading up here.
Casting: Magic Dart
Confirm with . or Enter, or press ? or * to list all spells.
Aiming: Magic Dart
Press: ? - help, Shift-Dir - straight line, f - adder
Aim: an adder The magic dart hits the adder.
The adder is lightly wounded.
You die...

.. .. . .%
.. . .# ...
.#.##....
##...#....
##..8......
#..........
#..)..8....
#..@S......
#..)..8..##
#.......##
##..8......
##........
.........
.........
.........


You could see an adder.

Vanquished Creatures
  4 dart slugs (D:1)
  A leopard gecko (D:1)
  An orc (D:2)
  A giant cockroach (D:2)
  2 hobgoblins (D:1)
  4 bats (D:1)
  A frilled lizard (D:1)
  2 kobolds
  2 rats (D:1)
18 creatures vanquished.

Notes
Turn   | Place    | Note
-------+----------+-------------------------------------------
     0 | D:1      | johnjohn the Troll Wizard began the quest for the Orb.
     0 | D:1      | Reached XP level 1. HP: 16/16 MP: 2/2
   190 | D:1      | Reached XP level 2. HP: 24/24 MP: 0/4
  1067 | D:2      | Succumbed to an adder's poison

Skill      XL: |  1  2 |
---------------+-------+-----
Dodging        | 2 |  2.1
Short Blades   | |  0.3
Stealth        | |  1.1
Unarmed Combat | |  0.5
Spellcasting   | |  2.2
Conjurations   | |  0.6
Summonings     | |  0.6
Translocations | |  0.6

Action                   || total
-------------------------++-------
Melee: Unarmed           ||    14
       Short sword       ||    57
 Cast: Magic Dart        ||    17
  Eat: Chunk             ||     6
Armor: Robe              ||    44
Dodge: Dodged            ||    58
